 Dungeon Crawl Stone Soup version 0.14.0-18-g0341e45 (webtiles) character file.

161 Maka the Cudgeler (level 4, 0/48 HPs)
             Began as an Ogre Berserker on Apr 20, 2014.
             Was a Believer of Trog.
             Slain by a goblin (3 damage)
             ... on Level 2 of the Dungeon.
             The game lasted 00:03:57 (1075 turns).

Maka the Cudgeler (Ogre Berserker)                  Turns: 1075, Time: 00:03:57

HP   0/48        AC  3     Str 22      XL: 4   Next:  4%
MP   4/4         EV 10     Int  6      God: Trog [**....]
Gold 101         SH  0     Dex 10      Spells:  0 memorised,  3 levels left

rFire  . . .     SeeInvis .     a - +0 mace
rCold  . . .     Clarity  .     b - +0 animal skin
rNeg   . . .     Conserve .     (shield restricted)
rPois  .         rCorr    .     (helmet restricted)
rElec  .         rRot     .     (no cloak)
SustAb . .       Spirit   .     (gloves unavailable)
rMut   .         Warding  .     (boots unavailable)
Gourm  +         Stasis   .     m - amulet of the gourmand
MR     .....                    (no ring)
                                (no ring)

@: exhausted, slowed, very slow, not resistant to hostile enchantments,
unstealthy
A: unfitting armour, fast metabolism 1, saprovore 1, tough skin 1
a: Burn Spellbooks, Berserk, Trog's Hand, Renounce Religion


You were on level 2 of the Dungeon.
You worshipped Trog.
Trog was pleased with you.
You were hungry.

You visited 1 branch of the dungeon, and saw 2 of its levels.

You collected 101 gold pieces.

Inventory:

Hand weapons
 a - a +0,+0 mace (weapon)
Armour
 b - a +0 animal skin (worn)
Comestibles
 c - 2 meat rations
Scrolls
 d - 4 scrolls of remove curse
 h - 3 scrolls of identify {unknown}
 i - a scroll of random uselessness {unknown}
 k - a scroll of enchant weapon I {unknown}
 n - a scroll of teleportation {unknown}
Jewellery
 g - an uncursed amulet of resist mutation {unknown}
 m - an amulet of the gourmand (around neck)
Potions
 e - 2 potions of heal wounds {unknown}
 f - a potion of might {unknown}
 j - a potion of magic {unknown}
 l - a potion of restore abilities {unknown}


   Skills:
 - Level 4.0 Fighting
 + Level 6.3 Maces & Flails
 - Level 3.0 Dodging


You had 3 spell levels left.
You didn't know any spells.

Dungeon Overview and Level Annotations

Branches:
Dungeon (2/15)

Altars:


Innate Abilities, Weirdness & Mutations

You are too large for most types of armour.
You have a fast metabolism.
You can tolerate rotten meat.
You have tough skin (AC +1).


Message History

You hit the goblin.
You kill the goblin!
Trog accepts your kill.
Things that are here:
an uncursed club; an uncursed sling; a goblin corpse; 19 stones The goblin unwields an uncursed sling.
The goblin wields an uncursed club.
The goblin hits you but does no damage.
You stop butchering the corpse.
The goblin hits you but does no damage.
The goblin hits you with an uncursed club.
* * * LOW HITPOINT WARNING * * *
You see here a stone.
You barely miss the goblin. The goblin closely misses you.
The goblin hits you but does no damage.
You barely miss the goblin. The goblin hits you.
* * * LOW HITPOINT WARNING * * *
The goblin misses you.
You hit the goblin.
The goblin is severely wounded.
The goblin hits you.
You die...

.#######.#.#
#...... .....#
#.#.# #8.$...8
####.###.#.#
#.......# #.....#.#
#8.....8# #######.#
#.......#
#.######8.....8#
#......g)......#
#....##g#......#
#####.#.##@#....<..
#
#.....#.##.#.#####.
. #.#####.##)#.# #
#......[[#.#
#.###.####.# #.# .#
#<# . .


You could see 2 goblins.

Vanquished Creatures
  Ijyb (D:2)
  A giant mite (D:1)
  A worm (D:2)
  2 giant geckos (D:1)
  9 goblins
  4 hobgoblins
  3 jackals (D:1)
  2 kobolds (D:1)
  A bat (D:1)
  A giant newt (D:1)
  3 rats
28 creatures vanquished.

Notes
Turn   | Place    | Note
--------------------------------------------------------------
     0 | D:1      | Maka, the Ogre Berserker, began the quest for the Orb.
     0 | D:1      | Reached XP level 1. HP: 24/24 MP: 1/1
   152 | D:1      | Reached XP level 2. HP: 9/32 MP: 2/2
   312 | D:1      | Reached skill level 5 in Maces & Flails
   582 | D:1      | Reached XP level 3. HP: 39/39 MP: 3/3
   782 | D:2      | Acquired Trog's second power
  1024 | D:2      | Noticed Ijyb
  1060 | D:2      | Killed Ijyb
  1060 | D:2      | Reached skill level 6 in Maces & Flails
  1060 | D:2      | Reached XP level 4. HP: 12/48 MP: 4/4
  1075 | D:2      | Slain by a goblin

Action                   |  1- 3 |  4- 6 || total
-------------------------+-------+-------++-------
Melee: Mace              |   105 |     6 ||   111
Invok: Berserk           |     1 |       ||     1
  Use: Scroll            |     1 |       ||     1
